 Dungeon Crawl Stone Soup version 0.29.1-15-g9cfb28693d (webtiles) character file.

Game seed: 17831591610387395001

49 Labrat the Digger (level 4, -2/33 HPs)
             Began as a Meteoran Earth Elementalist on Sept 3, 2023.
             Slain by a goblin
             ... wielding a +0 club
              (3 damage)
             ... on level 2 of the Dungeon.
             The game lasted 00:05:51 (677 turns).

Labrat the Digger (Meteoran Earth Elementalist)      Turns: 677, Time: 00:05:52

Health: -2/33      AC:  2    Str:  9    XL:     4   Next: 20%
Magic:  7/10       EV: 12    Int: 19    God:
Gold:   138        SH:  0    Dex: 14    Spells: 7/10 levels left

rFire   . . .      SeeInvis .   e - +0 war axe (elec)
rCold   . . .      Faith    .   (no shield)
rNeg    . . .      Spirit   .   a - +0 robe
rPois   .          Reflect  .   (no helmet)
rElec   .          Harm     .   (no cloak)
rCorr   .          Rampage  .   (no gloves)
Will    .....                   (no boots)
Stlth   +.........              (no amulet)
HPRegen 0.11/turn               (no ring)
MPRegen 0.12/turn               (no ring)

@: glowing
A: sense surroundings 1, otherworldly, glowing, explore regen
a: no special abilities


You were on level 2 of the Dungeon.
You visited 1 branch of the dungeon, and saw 2 of its levels.

You collected 138 gold pieces.

Inventory:

Hand Weapons
 e - a +0 war axe of electrocution (weapon)
Armour
 a - a +0 robe (worn)
Scrolls
 c - a scroll of fear {unknown}
 f - 2 scrolls of identify {unknown}
 g - a scroll of noise {unknown}
 h - a scroll of magic mapping {unknown}
 i - a scroll of teleportation {unknown}
 j - a scroll of enchant weapon {unknown}
 k - a scroll of immolation {unknown}
 l - a scroll of fog {unknown}
 m - a scroll of summoning {unknown}
 n - a scroll of poison {unknown}
Potions
 b - a potion of magic
 d - a potion of flight {unknown}


   Skills:
 - Level 2.4 Dodging
 - Level 1.4 Stealth
 + Level 3.5 Spellcasting
 + Level 2.6 Transmutations
 + Level 4.3 Earth Magic


You had 7 spell levels left.
You knew the following spells:

 Your Spells              Type           Power      Damage    Failure   Level
a - Sandblast             Erth           38%        2d10      2%          1
b - Passwall              Tmut/Erth      13%        N/A       5%          2

Your spell library contained the following spells:

 Spells                   Type           Power      Damage    Failure   Level
 Magic Dart               Conj           12%        1d3       14%         1
 Stone Arrow              Conj/Erth      22%        3d8       19%         3
 Searing Ray              Conj           6%         2d4       22%         2
 Petrify                  Tmut/Erth      16%        N/A       34%         4
 Fulminant Prism          Conj/Hex       1%         3d6       82%         4


Dungeon Overview and Level Annotations

Branches:
Dungeon (2/15) Zot: 496

Altars:

Annotations:
D:2 Ijyb


Innate Abilities, Weirdness & Mutations

You passively map a small area around you.
You are easily found by Zot.
You glow in the dark.
You regain HP and MP as you explore.


Message History

Confirm with . or Enter, or press ? or * to list all spells.
Aiming: Sandblast (safe; 2% risk of failure)
Press: ? - help, Shift-Dir - straight line, f - goblin
Aim: a goblin, wielding a +1 dagger of venom (77% to hit)
Okay, then.
You closely miss the goblin. The goblin closely misses you.
The goblin hits you but does no damage.
The goblin hits you with a +1 dagger of venom.
Ijyb shouts!
You slash the goblin!
You kill the goblin!
You closely miss the goblin. The goblin hits you with a +0 dagger.
You closely miss the goblin. The goblin closely misses you.
The goblin hits you with a +0 dagger.
You slash the goblin!
You kill the goblin!
You closely miss the goblin. The goblin closely misses you.
Ijyb throws a stone.
The stone hits you.
Unknown command.
Casting: Sandblast (safe; 2% risk of failure)
Confirm with . or Enter, or press ? or * to list all spells.
Aiming: Sandblast (safe; 2% risk of failure)
Press: ? - help, Shift-Dir - straight line, f - Ijyb
Aim: Ijyb, wielding a +0 dagger, wearing a +0 ring mail, quivering stones and carrying a wand of flame (20) (80% to hit)
The blast of sand hits Ijyb.
Ijyb is moderately wounded.
The goblin hits you with a +0 club.
Ijyb zaps a wand.
The puff of flame hits you!
Ijyb zaps a wand.
The puff of flame hits you!
* * * LOW HITPOINT WARNING * * *
The goblin throws a poisoned dart.
The poisoned dart barely misses you. The goblin hits you but does no damage.
Casting: Sandblast (safe; 2% risk of failure)
Confirm with . or Enter, or press ? or * to list all spells.
Aiming: Sandblast (safe; 2% risk of failure)
Press: ? - help, Shift-Dir - straight line, f/p - Ijyb
Aim: Ijyb, wielding a +0 dagger, wearing a +0 ring mail, quivering stones and carrying a wand of flame (18) (moderately wounded, 80% to hit)
The blast of sand hits Ijyb!
Ijyb is severely wounded.
The goblin hits you with a +0 club.
You die...

, , ,,
.....†............ *
*
*##.####>...##.####
, #.####†...#* * # *
##.#......## #
#.....)...# # *
#.........#* ' #
#####*#....##.......
# ,
......#....##.......
,##
#.g@...##.......,,#.
8.8.8))#'####.......
#. ...)g.. .#
*.#####+ #. ,
....g..,.. *.# #. **
.......,..., #.
....... ....* #.
....... ....+,** #.
8.8.8.. ....#, * #.
* * * ##


You could see Ijyb and 2 goblins.

Vanquished Creatures
  A worm (D:2)
  2 dart slugs
  5 endoplasms (D:1)
  3 giant cockroaches
  2 hobgoblins (D:1)
  6 jackals
  3 kobolds
  2 quokkas (D:1)
  6 ball pythons
  A bat (D:1)
  6 goblins
37 creatures vanquished.

Notes
Turn   | Place    | Note
-------+----------+-------------------------------------------
     0 | D:1      | Labrat the Meteoran Earth Elementalist began the quest for
                  | the Orb.
     0 | D:1      | Reached XP level 1. HP: 14/14 MP: 5/5
    28 | D:1      | Reached XP level 2. HP: 17/20 MP: 0/6
   187 | D:1      | Reached skill level 4 in Earth Magic
   189 | D:1      | Reached XP level 3. HP: 26/26 MP: 4/8
   283 | D:2      | Learned a level 2 spell: Passwall
   658 | D:2      | Reached XP level 4. HP: 31/33 MP: 5/10
   671 | D:2      | Noticed Ijyb
   676 | D:2      | HP: 1/33 [Ijyb/puff of flame (11)]
   677 | D:2      | Slain by a goblin

Illustrated notes

Levels and vault maps discovered:
D:1:      tarquinn_simple_flora_water_f, layout_loops_ring
D:2:      kennysheep_the_goblin_king, layout_basic

Skill      XL: |  1  2 |
---------------+-------+-----
Spellcasting   | 3 |  3.5
Earth Magic    | 4 |  4.3
Transmutations | 2 |  2.6
Dodging        | |  2.4
Stealth        | |  1.4

Action                   |  1- 3 |  4- 6 || total
-------------------------+-------+-------++-------
Melee: War axe           |    10 |     4 ||    14
 Cast: Sandblast         |    34 |     6 ||    40
       Passwall          |     4 |       ||     4
Armor: Robe              |     3 |     2 ||     5
Dodge: Dodged            |    10 |     4 ||    14
